 Dungeon Crawl Stone Soup version 0.31-a0-1068-g5939ac1fb6 (webtiles) character file.

Game seed: 7013815052106816922

1826 kae the Cutter (level 8, -7/52 HPs)
             Began as a Demonspawn Enchanter on Nov 23, 2023.
             Was an Initiate of Dithmenos.
             Mangled by an unseen horror (8 damage)
             ... on level 7 of the Dungeon.
             The game lasted 00:06:08 (5272 turns).

kae the Cutter (Demonspawn Enchanter)               Turns: 5272, Time: 00:06:08

Health: -7/52      AC:  5    Str: 12    XL:     8   Next: 86%
Magic:  14/14      EV: 13    Int: 16    God:    Dithmenos [......]
Gold:   153        SH:  0    Dex: 13    Spells: 4/15 levels left

rFire   + . .        o - +1 short sword (flame)
rCold   + . .        (no shield)
rNeg    . . .        b - +1 robe
rPois   +            (no helmet)
rElec   +            (no cloak)
rCorr   +            (no gloves)
SInv    .            (no boots)
Will    .....        (no amulet)
Stlth   +++          L - ring of flight
HPRegen 0.28/turn    (no ring)
MPRegen 0.14/turn

%: no passive effects
@: mighty, resistant, flying
A: hooves 2, powered by pain 2, sharp scales 2, demonic magic 1
a: Renounce Religion


You were on level 7 of the Dungeon.
You worshipped Dithmenos.
Dithmenos was noncommittal.
You visited 2 branches of the dungeon, and saw 7 of its levels.
You also visited: Sewer.

You collected 237 gold pieces.
You spent 84 gold pieces at shops.


Innate Abilities, Weirdness & Mutations

You have hoof-like feet.
You sometimes gain power by taking damage.
You are mostly covered in razor-sharp scales. (AC +2, Slay +2)
Spells you cast may paralyse adjacent enemies.


   Skills:
 * Level 5.7 Short Blades
 + Level 4.5 Dodging
 + Level 5.1 Stealth
 + Level 4.3 Spellcasting
 + Level 5.1 Hexes
 - Level 3.0 Ice Magic


You had 4 spell levels left.
You knew the following spells:

 Your Spells              Type           Power      Damage    Failure   Level
a - Ensorcelled Hibernat  Hex/Ice        32%        N/A       4%          2
b - Confusing Touch       Hex            20%        N/A       6%          3
c - Tukima's Dance        Hex            20%        N/A       6%          3
d - Dazzling Flash        Conj/Hex       22%        N/A       17%         3

Your spell library contained the following spells:

 Spells                   Type           Power      Damage    Failure   Level
 Volatile Blastmotes      Fire/Tloc      6%         2d10      43%         3
 Fulminant Prism          Conj/Hex       5%         3d6       50%         4
 Iskenderun's Mystic Bla  Conj/Tloc      3%         2d3       85%         4

Inventory:

Hand Weapons
 a - a +2 dagger of venom
 o - a +1 short sword of flaming (weapon)
   (You took it off a kobold on level 3 of the Dungeon)
Missiles
 f - 70 stones
 r - a throwing net {=f!f}
 s - a curare-tipped dart {=f}
 u - 5 poisoned darts
 x - 6 boomerangs
Armour
 b - a +1 robe (worn)
Jewellery
 L - a ring of flight (left hand)
   (You found it on level 1 of the Dungeon)
Wands
 e - a wand of flame (19)
   (You found it on level 3 of the Dungeon)
Scrolls
 d - 2 scrolls of blinking {!r}
 j - 2 scrolls of enchant weapon
 k - 3 scrolls of teleportation {@r4}
 v - 2 scrolls of brand weapon
 y - a scroll of immolation {!r!r}
Potions
 c - 4 potions of invisibility
 g - 4 potions of attraction {!q}
 h - 3 potions of berserk rage {unknown}
 i - 2 potions of brilliance
 l - a potion of degeneration {unknown}
 m - 2 potions of magic {unknown}
 n - 3 potions of haste {unknown}
 p - a potion of ambrosia
 q - 4 potions of curing {unknown}
 t - a potion of resistance

Dungeon Overview and Level Annotations

Branches:
Dungeon (7/15) Zot: 26630  Temple (1/1) D:7 Zot: 5973   Sewer (visited)

Altars:
Ashenzari
Cheibriados
Dithmenos
Fedhas
Gozag
Hepliaklqana
Kikubaaqudgha
Makhleb
Nemelex Xobeh
Qazlal
Ru
Sif Muna
Trog
Uskayaw
Vehumet
Wu Jian
Xom
Yredelemnul

Shops:
D:4

* .. #.# #> #.# .
#. #.# ..#.
#.####### #.#.
#.......# ...
.#######.# ###.###
..# #.# #.....##
..# #.#
...O...##..# #@#
........##.# #{#
.......O.#.# #o#
.........#.# #f#
.........h.#####.#
.........#f.##...#
.........#.f)†.###
........##..####
.......##..##


You could see a sleepcap and an orc.


Message History

Press: ? - help, Shift-Dir - straight line, f - boulder beetle
Aim: a boulder beetle (chance to affect: 31%)
The boulder beetle easily resists.
Malevolent energies surge around you.
The boulder beetle bites you. 😕 HP[-3] MP[-2]
You take 3 damage, and now have 49/52 hp.
You lost 2 mp, and now have 10/13 mp.
Casting: Ensorcelled Hibernation (safe; 5% risk of failure)
Confirm with . or Enter, or press ? or * to list all spells.
Aiming: Ensorcelled Hibernation (safe; 5% risk of failure)
Press: ? - help, Shift-Dir - straight line, f/p - boulder beetle
Aim: a boulder beetle (chance to affect: 31%)
The boulder beetle easily resists.
Malevolent energies surge around you.
The boulder beetle suddenly stops moving! 😕 MP[-2]
You lost 2 mp, and now have 8/13 mp.
The helpless boulder beetle fails to defend itself.
You puncture the boulder beetle! You burn the boulder beetle.
You kick the boulder beetle, but do no damage.
The helpless boulder beetle fails to defend itself.
You puncture the boulder beetle! You burn the boulder beetle.
You kick the boulder beetle, but do no damage. 😕 HP[+1] MP[+1]
The helpless boulder beetle fails to defend itself.
You puncture the boulder beetle! You burn the boulder beetle!
You kick the boulder beetle, but do no damage.
The helpless boulder beetle fails to defend itself.
You puncture the boulder beetle! You burn the boulder beetle.
You kill the boulder beetle!
Dithmenos accepts your kill.
Your Short Blades skill increases to level 5!
Your Stealth skill increases to level 5!
Your Spellcasting skill increases to level 4!
Your Hexes skill increases to level 5!
Unknown command.
You start resting. 😎 HP[+2] MP[+1]
Your hp is fully restored (52).
Unknown command.
You see here a vampire mosquito corpse. 2 orcs come into view.
The orc shouts! x2
A black bear comes into view.
The orc moves out of view. 😎 MP[+1] Unknown command.
There are monsters nearby!
There are monsters nearby!
A vampire mosquito comes into view. 😎 MP[+1]
A sleepcap comes into view.
You see here a vampire mosquito corpse.
You hit the orc. You burn the orc. You kick the orc.
The orc closely misses you.
You closely miss the orc. The orc closely misses you.
You hit the orc. You burn the orc.
You kill the orc!
Dithmenos accepts your kill. Something hits you!
Deactivating autopickup; reactivate with Ctrl-A. 😕 HP[-8]
You take 8 damage, and now have 44/52 hp.
Unknown command. 😕 HP[+1] MP[+1]
Something hits you! 😮 HP[-7]
You take 7 damage, and now have 38/52 hp.
Something hits you. Something hits you. 😮 HP[-1]
You take 1 damage, and now have 37/52 hp.
Something hits you but does no damage. Something hits you. 😮 HP[-2]
You take 2 damage, and now have 35/52 hp.
Something hits you!
* * * LOW HITPOINT WARNING * * *
You focus on the pain.
You feel very mighty all of a sudden. Something hits you!
* * * LOW HITPOINT WARNING * * *
😨 HP[-16]
You take 16 damage, and now have 19/52 hp.
MASSIVE DAMAGE!! (PAUSE)
You hit something. You burn something. You kick something! Something hits you!
* * * LOW HITPOINT WARNING * * *
😱 HP[-7] MP[+1]
You take 7 damage, and now have 12/52 hp.
Your mp is fully restored (14).
You closely miss something. Something hits you.
* * * LOW HITPOINT WARNING * * *
😱 HP[-6]
You take 6 damage, and now have 6/52 hp.
Unknown command.
Okay, then.
It was a potion of resistance.
You feel protected. Something hits you.
* * * LOW HITPOINT WARNING * * *
Something hits you!
You die...

Skill      XL: |  1  2  3  4  5  6  7  8 |
---------------+-------------------------+-----
Short Blades   | 1 2 3 4 5 |  5.7
Dodging        | 2 3 4 |  4.5
Stealth        | 3 4 5 |  5.1
Ice Magic      | 1 2 3 |  3.0
Spellcasting   | 3 4 |  4.3
Hexes          | 4 5 |  5.1

Action                     |  1- 3 |  4- 6 |  7- 9 || total
---------------------------+-------+-------+-------++-------
  Melee: Dagger            |    82 |   117 |       ||   199
         Punch             |       |     2 |     1 ||     3
         Short sword       |       |   111 |    56 ||   167
         Kick              |       |    38 |    20 ||    58
   Cast: Ensorcelled Hiber |     8 |    22 |    13 ||    43
         Confusing Touch   |       |     1 |     2 ||     3
    Use: Scroll            |       |    11 |     4 ||    15
         Potion            |       |       |     1 ||     1
   Stab: Sleeping          |     7 |    22 |     9 ||    38
         Paralysed         |       |     8 |    12 ||    20
 Armour: Robe              |    39 |   105 |    26 ||   170
  Dodge: Dodged            |    46 |   133 |    28 ||   207

Levels and vault maps discovered:
D:1:      hellmonk_arrival_library, layout_rooms, nicolae_grassy_gnolls
D:2:      layout_basic, ebering_ecumenical_altar_petrified, minmay_heptomino_w4
D:3:      layout_loops_ring
D:4:      layout_layer_cave, portal_sewer_entry_f, serial_shops,
          nicolae_shop_tiny_glass
D:5:      layout_loops_corners
D:7:      minmay_the_grid_octo_2x2 [minmay_the_grid_octo_odd_swirl,
          minmay_the_grid_octo_pinwheel, minmay_the_grid_octo_empty,
          minmay_the_grid_octo_prize_star], layout_loops_ring, temple_hall
Temple:   grunt_wide_crystal_templ

Notes
Turn   | Place    | Note
-------+----------+-------------------------------------------
     0 | D:1      | kae the Demonspawn Enchanter began the quest for the Orb.
     0 | D:1      | Reached XP level 1. HP: 13/13 MP: 3/3
     0 | D:1      | magus.rc [v1.11.3]
    27 | D:1      | Reached skill level 1 in Short Blades
   183 | D:1      | Gained mutation: You are partially covered in razor-sharp
                  | scales. (AC +1, Slay +1) [demonic ancestry]
   183 | D:1      | Reached XP level 2. HP: 16/19 MP: 5/5
   270 | D:1      | Learned a level 2 spell: Ensorcelled Hibernation
   292 | D:1      | Reached skill level 2 in Dodging
   459 | D:1      | Gained mutation: You sometimes gain a little power by
                  | taking damage. [demonic ancestry]
   459 | D:1      | Reached XP level 3. HP: 16/24 MP: 3/6
   673 | D:2      | Found a faded altar of an unknown god.
   699 | D:2      | HP: 6/24 [kobold/+0 club (1)]
   790 | D:2      | Reached skill level 3 in Stealth
   831 | D:2      | Reached skill level 1 in Ice Magic
   898 | D:2      | Reached skill level 2 in Short Blades
   913 | D:2      | Gained mutation: Spells you cast may paralyse adjacent
                  | enemies. [demonic ancestry]
   913 | D:2      | Reached XP level 4. HP: 23/30 MP: 5/7
  1935 | D:3      | Gained mutation: You have large cloven feet. [demonic
                  | ancestry]
  1935 | D:3      | Reached XP level 5. HP: 33/35 MP: 8/8
  2015 | D:3      | Reached skill level 2 in Ice Magic
  2492 | D:4      | Found a glowing drain.
  2501 | Sewer    | Entered a sewer
  2759 | Sewer    | Gained mutation: You have hoof-like feet. [demonic
                  | ancestry]
  2759 | Sewer    | Reached XP level 6. HP: 24/41 MP: 5/10
  2763 | Sewer    | Learned a level 3 spell: Confusing Touch
  2767 | Sewer    | Learned a level 3 spell: Tukima's Dance
  2860 | Sewer    | Reached skill level 3 in Short Blades
  2969 | Sewer    | Reached skill level 3 in Spellcasting
  3225 | D:4      | Noticed an ice beast
  3249 | D:4      | Killed an ice beast
  3250 | D:4      | Reached skill level 3 in Dodging
  3250 | D:4      | Reached skill level 3 in Ice Magic
  3250 | D:4      | Gained mutation: You are mostly covered in razor-sharp
                  | scales. (AC +2, Slay +2) [demonic ancestry]
  3250 | D:4      | Reached XP level 7. HP: 16/46 MP: 11/11
  4042 | D:4      | Found Qirphue's Assorted Antiques.
  4061 | D:4      | Bought a clear potion for 26 gold pieces
  4061 | D:4      | Bought a scroll of identify for 58 gold pieces
  4420 | D:4      | Learned a level 3 spell: Dazzling Flash
  4436 | D:5      | Entered Level 5 of the Dungeon
  4584 | D:5      | Reached skill level 4 in Hexes
  4699 | D:4      | Reached skill level 4 in Short Blades
  4699 | D:4      | Reached skill level 4 in Stealth
  4815 | D:5      | You pick up a book of Blasting and begin reading...
  4815 | D:5      | You add the spells Volatile Blastmotes, Fulminant Prism and
                  | Iskenderun's Mystic Blast to your library.
  4872 | D:5      | You are sucked into a shaft and drop 2 floors!
  4872 | D:7      | Found a staircase to the Ecumenical Temple.
  4990 | Temple   | Entered the Ecumenical Temple
  5003 | Temple   | Became a worshipper of Dithmenos the Shadowed
  5072 | D:7      | Noticed a vampire mosquito
  5072 | D:7      | Noticed a troll
  5072 | D:7      | Noticed a troll
  5089 | D:7      | Killed a vampire mosquito
  5090 | D:7      | Gained mutation: You sometimes gain power by taking damage.
                  | [demonic ancestry]
  5090 | D:7      | Reached XP level 8. HP: 35/52 MP: 7/13
  5158 | D:7      | Noticed a gargoyle
  5159 | D:7      | Noticed a two-headed ogre
  5210 | D:7      | Killed a troll
  5211 | D:7      | Reached skill level 4 in Dodging
  5220 | D:7      | Noticed a boulder beetle
  5234 | D:7      | Killed a boulder beetle
  5235 | D:7      | Reached skill level 5 in Short Blades
  5235 | D:7      | Reached skill level 5 in Stealth
  5235 | D:7      | Reached skill level 4 in Spellcasting
  5235 | D:7      | Reached skill level 5 in Hexes
  5270 | D:7      | HP: 12/52 [something (7)]
  5272 | D:7      | HP: 1/52 [something (5)]
  5272 | D:7      | Mangled by an unseen horror

Vanquished Creatures
  A boulder beetle (D:7)
  A troll (D:7)
  A vampire mosquito (D:7)
  A water moccasin (D:4)
  An ice beast (D:4)
  3 kobold brigands (Sewer)
  2 hounds (D:5)
  2 orc priests
  An iguana (D:5)
  2 jellies
  An orc wizard (D:5)
  A gnoll (D:1)
  10 adders
  3 river rats (Sewer)
  A white imp (D:7)
  2 worms
  7 dart slugs
  13 orcs
  7 bats
  6 endoplasms
  4 giant cockroaches
  3 goblins
  9 hobgoblins
  10 jackals
  5 quokkas
  10 ball pythons
  3 frilled lizards
  10 kobolds
  6 rats
126 creatures vanquished.

Table legend:
 A = Non-vault XP
 B = Vault XP
 C = Vault XP percentage of total XP
 D = Non-vault monster count
 E = Vault monster count
 F = Vault count percentage of total count
                 A         B        C        D         E       F
            +---------+---------+-------+---------+---------+-------
      Total |     848 |    1761 |  67.5 |      89 |      37 |  29.4
            +---------+---------+-------+---------+---------+-------
        D:1 |      28 |      15 |  34.9 |      14 |       1 |   6.7
        D:2 |      77 |      39 |  33.6 |      22 |       8 |  26.7
        D:3 |     105 |       0 |   0.0 |      22 |       0 |   0.0
        D:4 |     358 |      10 |   2.7 |      15 |       5 |  25.0
        D:5 |     269 |       0 |   0.0 |      15 |       0 |   0.0
        D:7 |      11 |    1311 |  99.2 |       1 |       4 |  80.0
      Sewer |       0 |     386 | 100.0 |       0 |      19 | 100.0
            +---------+---------+-------+---------+---------+-------

Skill      XL: |  1  2  3  4  5  6  7  8 |
---------------+-------------------------+-----
Short Blades   | 1 2 3 4 5 |  5.7
Dodging        | 2 3 4 |  4.5
Stealth        | 3 4 5 |  5.1
Ice Magic      | 1 2 3 |  3.0
Spellcasting   | 3 4 |  4.3
Hexes          | 4 5 |  5.1

Action                     |  1- 3 |  4- 6 |  7- 9 || total
---------------------------+-------+-------+-------++-------
  Melee: Dagger            |    82 |   117 |       ||   199
         Punch             |       |     2 |     1 ||     3
         Short sword       |       |   111 |    56 ||   167
         Kick              |       |    38 |    20 ||    58
   Cast: Ensorcelled Hiber |     8 |    22 |    13 ||    43
         Confusing Touch   |       |     1 |     2 ||     3
    Use: Scroll            |       |    11 |     4 ||    15
         Potion            |       |       |     1 ||     1
   Stab: Sleeping          |     7 |    22 |     9 ||    38
         Paralysed         |       |     8 |    12 ||    20
 Armour: Robe              |    39 |   105 |    26 ||   170
  Dodge: Dodged            |    46 |   133 |    28 ||   207

Illustrated notes

Table legend:
 A = Kills in this place as a percentage of kills in the entire game.
 B = Kills by you in this place as a percentage of kills by you in the entire game.
 C = Kills by friends in this place as a percentage of kills by friends in the entire game.
 D = Other kills in this place as a percentage of other kills in the entire game.
 E = Experience gained in this place as a percentage of experience gained in the entire game.
 F = Experience gained in this place divided by the number of levels of this place that you have seen.
                   A       B       C       D       E      F
               +-------+-------+-------+-------+-------+----------------------
         Total | 100.0 | 100.0 |   N/A | 100.0 | 100.0 | 326.1
       Dungeon |  84.9 |  84.8 |   N/A | 100.0 |  85.2 | 370.5
         Sewer |  15.1 |  15.2 |   N/A |   0.0 |  14.8 | 386.0
               +-------+-------+-------+-------+-------+----------------------

Table legend: (Time is in decaauts)
 A = Elapsed time spent in this place.
 B = Non-inter-level travel time spent in this place.
 C = Inter-level travel time spent in this place.
 D = Time resting spent in this place.
 E = Time spent auto-exploring this place.
 F = Levels seen in this place.
 G = Mean time per level.
                   A        B        C        D        E       F      G
               +--------+--------+--------+--------+--------+-----+--------+
         Total |   5226 |   4942 |    284 |    232 |   3698 |   8 |  653.2 |
       Dungeon |   4515 |   4245 |    270 |    229 |   3200 |   6 |  752.5 |
        Temple |     26 |     13 |     13 |      0 |      0 |   1 |   26.0 |
         Sewer |    683 |    683 |      0 |      3 |    498 |   1 |  683.0 |
               +--------+--------+--------+--------+--------+-----+--------+

Top non-repeatable levels by time:
     D:4: 1401 daAuts
     D:3: 889 daAuts
     D:2: 846 daAuts
   Sewer: 683 daAuts
     D:1: 657 daAuts
     D:7: 368 daAuts
     D:5: 351 daAuts
  Temple: 26 daAuts
